 Dungeon Crawl Stone Soup version 0.20.1-1-g8b1a95d (console) character file.

39 bli the Grasshopper (level 3, 0/28 HPs)
             Began as a Demonspawn Warper on July 21, 2017.
             Slain by a jackal (1 damage)
             ... on level 2 of the Dungeon.
             The game lasted 00:04:43 (1113 turns).

bli the Grasshopper (Demonspawn Warper)             Turns: 1113, Time: 00:04:44

Health: 0/28       AC:  3    Str: 11    XL:     3   Next: 28%
Magic:  6/6        EV: 17    Int: 19    God:
Gold:   38         SH:  0    Dex: 18    Spells: 6/6 levels left

rFire    . . .     SeeInvis .   a - +0 falchion
rCold    . . .     Gourm    .   (no shield)
rNeg     . . .     Faith    .   b - +0 leather armour
rPois    .         Spirit   .   (helmet restricted)
rElec    .         Reflect  .   (no cloak)
rCorr    +         Harm     .   (no gloves)
MR       .....                  (no boots)
Stlth    +++.......             (no amulet)
Regen    0.1/turn               j - ring of resist corrosion
MPRegen  0.1/turn               (no ring)

@: brilliant, agile
A: antennae 1, demonic guardian 1
a: no special abilities


You were on level 2 of the Dungeon.
You were hungry.

You visited 1 branch of the dungeon, and saw 2 of its levels.

You collected 38 gold pieces.

Inventory:

Hand Weapons
 a - a +0 falchion (weapon)
Missiles
 e - 5 tomahawks of dispersal (quivered)
 h - 3 tomahawks
 s - 34 stones
Armour
 b - a +0 leather armour (worn)
 n - a +0 ring mail
Jewellery
 j - a ring of resist corrosion (left hand)
Scrolls
 d - a scroll of blinking
 k - a scroll of enchant weapon {unknown}
 o - a scroll of enchant armour {unknown}
 p - a scroll of teleportation {unknown}
 q - 2 scrolls of identify {unknown}
Potions
 r - a potion of agility
Books
 c - a book of Spatial Translocations

   Spells                             Type                      Level
   a - Blink                          Translocation                2
   b - Shroud of Golubria             Charms/Translocation         2
   c - Lesser Beckoning               Translocation                3
   d - Gell's Gravitas                Translocation                3
   e - Teleport Other                 Translocation                3
   f - Passage of Golubria            Translocation                4
Comestibles
 f - 2 bread rations
 i - a meat ration
 m - a royal jelly


   Skills:
 + Level 2.3 Fighting
 * Level 2.4 Long Blades
 + Level 0.8 Throwing
 + Level 1.1 Armour
 + Level 2.1 Dodging
 + Level 0.4 Stealth
 + Level 2.2 Spellcasting
   Level 2.6 Translocations


You had 6 spell levels left.
You didn't know any spells.

Dungeon Overview and Level Annotations

Branches:
Dungeon (2/15)

Altars:


Innate Abilities, Weirdness & Mutations

You have a pair of small antennae on your head.
A weak demonic guardian rushes to your aid.


Message History

The kobold is moderately wounded.
The hobgoblin hits you but does no damage.
The jackal completely misses you.
You closely miss the hobgoblin.
The hobgoblin is lightly wounded.
The jackal barely misses you.
You riposte.
You barely miss the jackal.
The jackal is moderately wounded.
The kobold hits you with a club.
* * * LOW HITPOINT WARNING * * *
The hobgoblin closely misses you.
You barely miss the hobgoblin.
The hobgoblin is lightly wounded.
The jackal closely misses you. The hobgoblin barely misses you.
The kobold barely misses you.
The jackal bites you but does no damage.
You hit the jackal.
The jackal is moderately wounded.
The jackal closely misses you. The hobgoblin misses you.
You riposte.
You closely miss the hobgoblin.
The hobgoblin is lightly wounded.
The kobold completely misses you. The jackal bites you.
You die...

#########
#.......#
#.......#
####.!.....#
#....(.....#
#....(..†.(#
#.......(..#
#?.........#####
#......g...$....
###....†.#@.......
.........#hK≈≈≈≈.≈
........g...≈≈≈≈.≈
............≈≈≈≈.≈
#...........≈≈≈≈.≈
##?.........≈≈≈≈..
..................
#..(........≈≈≈≈≈.
#.######....≈≈≈≈≈.
#....≈≈≈≈≈


You could see a jackal, a hobgoblin and a kobold.

Vanquished Creatures
  An adder (D:2)
  A ball python (D:1)
  2 bats (D:1)
  A giant cockroach (D:1)
  3 goblins
  4 hobgoblins (D:1)
  A jackal (D:2)
  4 frilled lizards
  4 kobolds
  4 rats (D:1)
25 creatures vanquished.

Vanquished Creatures (collateral kills)
  An adder (D:2)
  A jackal (D:2)
2 creatures vanquished.

Grand Total: 27 creatures vanquished

Notes
Turn   | Place    | Note
-------+----------+-------------------------------------------
     0 | D:1      | bli the Demonspawn Warper began the quest for the Orb.
     0 | D:1      | Reached XP level 1. HP: 16/16 MP: 3/3
   332 | D:1      | Gained mutation: A weak demonic guardian rushes to your aid. [demonic ancestry]
   332 | D:1      | Reached XP level 2. HP: 17/22 MP: 5/5
   456 | D:1      | Reached skill level 1 in Armour
  1089 | D:2      | HP: 1/22 [poisoned by an adder]
  1094 | D:2      | Gained mutation: You have a pair of small antennae on your head. [demonic ancestry]
  1094 | D:2      | Reached XP level 3. HP: 9/27 MP: 6/6
  1108 | D:2      | HP: 1/28 [kobold/club (1)]
  1113 | D:2      | Slain by a jackal

Skill      XL: |  1  2 |
---------------+-------+-----
Dodging        | 2 |  2.1
Armour         | 1 |  1.1
Long Blades    | 2 |  2.4
Fighting       | |  2.3
Throwing       | |  0.8
Stealth        | |  0.4
Spellcasting   | |  2.2
Translocations | |  2.6

Action                   || total
-------------------------++-------
Melee: Falchion          ||    76
  Use: Potion            ||     3
Armor: Leather armour    ||    28
Dodge: Dodged            ||   122
       Rpst.: Falchion   ||    33
